 Dungeon Crawl Stone Soup version 0.28.0-53-g5a82cb258f (webtiles) character file.

Game seed: 902628877055444003

32 issech the Skirmisher (level 3, -1/33 HPs)
             Began as a Minotaur Monk on June 5, 2022.
             Slain by Sigmund
             ... wielding a +0 scythe
              (6 damage)
             ... on level 2 of the Dungeon.
             The game lasted 00:02:17 (1494 turns).

issech the Skirmisher (Minotaur Monk)               Turns: 1494, Time: 00:02:17

Health: -1/33      AC:  6    Str: 15    XL:     3   Next: 8%
Magic:  2/2        EV: 12    Int:  7    God:
Gold:   40         SH:  0    Dex: 14    Spells: 2/2 levels left

rFire   . . .      SeeInvis .   a - +0 hand axe
rCold   . . .      Faith    .   (no shield)
rNeg    . . .      Spirit   .   d - +0 ring mail
rPois   .          Reflect  .   (helmet restricted)
rElec   .          Harm     .   (no cloak)
rCorr   .          Rampage  .   h - +0 pair of gloves
Will    .....                   (no boots)
Stlth   +.........              (no amulet)
HPRegen 0.11/turn               (no ring)
MPRegen 0.08/turn               (no ring)

@: no status effects
A: horns 2, retaliatory headbutt
a: no special abilities


You were on level 2 of the Dungeon.
You visited 1 branch of the dungeon, and saw 2 of its levels.

You collected 40 gold pieces.

Inventory:

Hand Weapons
 a - a +0 hand axe (weapon)
Missiles
 c - 22 sling bullets
 f - 28 bolts
 i - 12 stones (quivered)
 k - 2 poisoned darts
Armour
 b - a +0 robe
 d - a +0 ring mail (worn)
 h - a +0 pair of gloves (worn)
Magical Staves
 g - a staff of conjuration
Scrolls
 e - a scroll of blinking {unknown}
 j - a scroll of amnesia {unknown}


   Skills:
 + Level 4.0 Fighting
 + Level 4.0 Axes
 + Level 0.4 Armour
 + Level 3.8 Dodging
 + Level 1.8 Stealth


You had 2 spell levels left.
You didn't know any spells.
Your spell library was empty.

Dungeon Overview and Level Annotations

Branches:
Dungeon (2/15)

Altars:

Annotations:
D:2 Sigmund


Innate Abilities, Weirdness & Mutations

You have a pair of horns on your head.
You reflexively headbutt those who attack you in melee.


Message History

You have reached level 3!
Your experience leads to an increase in your attributes!
Increase (S)trength, (I)ntelligence, or (D)exterity?
You feel agile. x2
You open the door.
There is an open door here.
A bat comes into view.
Found a puce potion.
The bat closely misses you.
You closely miss the bat. You headbutt the bat.
You kill the bat!
You see here a bat corpse.
Sigmund the Dreaded comes into view.
He is wielding a +0 scythe.
Sigmund shouts!
Sigmund casts a spell at you.
You are confused.
Sigmund casts a spell at you.
You are more confused.
You're too confused to move!
Sigmund points at you and mumbles some strange words.
The puff of flame hits you.
You hit Sigmund but do no damage. Sigmund casts a spell at you.
The puff of flame hits you!
You miss Sigmund. Sigmund barely misses you.
You miss Sigmund. Your headbutt misses Sigmund. Sigmund casts a spell at you.
The magic dart hits you.
You miss Sigmund. You headbutt Sigmund!
Sigmund is moderately wounded.
You feel less confused.
Sigmund casts a spell.
Sigmund flickers and vanishes!
Deactivating autopickup; reactivate with Ctrl-A.
You hit something but do no damage. Something hits you!
* * * LOW HITPOINT WARNING * * *
You hear some strange, mumbled words.
Something tries to affect you, but you resist.
Something hits you.
You die...

.# #.# ##.##
##...##
#.....###
##.†....######
##.#........
..#####.......#
.........{....#
..#####.@.....#
#!#...###
#.#...# #.#####
#.# #.# #.# ...


There were no monsters in sight!

Vanquished Creatures
  A worm (D:2)
  2 dart slugs
  2 endoplasms (D:1)
  A goblin (D:1)
  2 hobgoblins (D:2)
  4 kobolds (D:1)
  3 ball pythons (D:1)
  4 bats
  3 frilled lizards (D:1)
  4 rats (D:1)
26 creatures vanquished.

Vanquished Creatures (others)
  A plant (D:1)
1 creature vanquished.

Grand Total: 27 creatures vanquished

Notes
Turn   | Place    | Note
-------+----------+-------------------------------------------
     0 | D:1      | issech the Minotaur Monk began the quest for the Orb.
     0 | D:1      | Reached XP level 1. HP: 19/19 MP: 0/0
   647 | D:1      | Reached XP level 2. HP: 27/27 MP: 1/1
  1464 | D:2      | Reached XP level 3. HP: 29/33 MP: 2/2
  1476 | D:2      | Noticed Sigmund
  1494 | D:2      | Slain by Sigmund

Illustrated notes

Levels and vault maps discovered:
D:1:      psy_arrival_spokes, layout_basic, chequers_big_river,
          chequers_serial_rivers_room_b
D:2:      layout_loops_corners, shapermc_ecumenical_altar_mp_ritualfount,
          uniq_sigmund, uniq_terence

Skill      XL: |  1  2 |
---------------+-------+-----
Fighting       | 4 |  4.0
Axes           | 4 |  4.0
Armour         | |  0.4
Dodging        | |  3.8
Stealth        | |  1.8

Action                   || total
-------------------------++-------
Melee: Hand axe          ||    67
       Headbutt          ||    10
 Stab: Sleeping          ||     1
Armor: Ring mail         ||    24
       Robe              ||     1
Dodge: Dodged            ||    44
